 Dungeon Crawl Stone Soup version 0.31.0-12-g77e489cdc1 (webtiles) character file.

Game seed: 5087491135160596456

2236 Gadfly the Cudgeller (level 9, -14/55 HPs)
             Began as a Gargoyle Fighter on Mar 1, 2024.
             Demolished by an ogre
             ... wielding a +0 giant club
              (23 damage)
             ... on level 6 of the Dungeon.
             The game lasted 00:11:24 (6566 turns).

Gadfly the Cudgeller (Gargoyle Fighter)             Turns: 6566, Time: 00:11:25

Health: -14/55     AC: 18    Str: 27    XL:     9   Next: 36%
Magic:  14/14      EV:  8    Int: 10    God:
Gold:   335        SH:  9    Dex: 11    Spells: 8/8 levels left

rFire   . . .        a - +1 flail
rCold   . . .        j - +0 kite shield
rNeg    + . .        k - +0 chain mail
rPois   ∞            p - +0 helmet
rElec   +            (no cloak)
rCorr   .            (no gloves)
SInv    .            l - +0 pair of boots
Will    ++...        q - amulet of regeneration Stlth
                     f - +6 ring of strength
HPRegen 1.09/turn    (no ring)
MPRegen 0.14/turn

%: random rage (3%)
@: studying Maces & Flails
A: sickness immunity, AC +6, negative energy resistance 1, electricity
resistance, torment resistance 1, petrification resistance, berserk 1, high MP
1, strong-willed 2
a: no special abilities


You were on level 6 of the Dungeon.
You visited 1 branch of the dungeon, and saw 7 of its levels.
You also visited: Ossuary.

You collected 335 gold pieces.

Inventory:

Hand Weapons
 a - a +1 flail (weapon)
Armour
 j - a +0 kite shield (worn)
 k - a +0 chain mail (worn)
 l - a +0 pair of boots (worn)
 p - a +0 helmet (worn)
Jewellery
 f - a +6 ring of strength (left hand)
 q - an amulet of regeneration (around neck)
Wands
 b - a wand of iceblast (1)
 e - a wand of paralysis (16) (quivered)
 t - a wand of flame (16)
Scrolls
 m - a scroll of summoning
 o - a scroll of fear
 v - a scroll of identify
 w - a scroll of teleportation
Potions
 c - 2 potions of enlightenment
 d - a potion of might
 g - 6 potions of curing
 h - 2 potions of mutation
 i - 3 potions of heal wounds
 n - a potion of ambrosia
 r - a potion of haste
 s - a potion of attraction
 u - 2 potions of berserk rage {unknown}


   Skills:
 + Level 5.6 Fighting
 * Level 6.9 Maces & Flails
 + Level 5.4 Armour
 + Level 5.4 Shields
 * Level 6.1 Invocations
 * Level 5.1 Evocations


You had 8 spell levels left.
You didn't know any spells.
Your spell library contained the following spells:

 Spells                   Type           Power      Damage    Failure   Level
 Magic Dart               Conj           0%         1d3       97%         1
 Searing Ray              Conj           0%         2d4       99%         2
 Call Canine Familiar     Summ           0%         N/A       100%        3
 Sigil of Binding         Hex            0%         N/A       100%        3
 Animate Armour           Summ/Erth      0%         N/A       100%        4
 Dimensional Bullseye     Hex/Tloc       0%         N/A       100%        4
 Fulminant Prism          Conj/Alch      0%         3d5       100%        4
 Summon Lightning Spire   Summ/Air       0%         N/A       100%        4
 Lee's Rapid Deconstruct  Erth           0%         3d4*      100%        5


Dungeon Overview and Level Annotations

Branches:
Dungeon (7/15)            Ossuary (visited)
 Temple: D:4-7

Altars:
Cheibriados
Nemelex Xobeh

Shops:
D:5 =   D:6 (??


Innate Abilities, Weirdness & Mutations

You are immune to sickness and miasma.
Your stone body is resilient. (AC +6)
You are immune to poison.
You resist negative energy. (rN+)
You are resistant to electric shocks. (rElec)
You are resistant to unholy torment.
You are immune to petrification.
You sometimes lose your temper in combat.
You have an increased reservoir of magic. (+10% MP)
You are highly strong-willed. (Will++)


Message History

An ogre comes into view. It is wielding a +0 giant club.
The ogre shouts!
An ogre is nearby!
The ogre hits you with a +0 giant club!!
You sock the ogre!
The ogre is heavily wounded.
The ogre hits you with a +0 giant club!
You are too injured to fight recklessly!
You are too injured to fight recklessly!
You are too injured to fight recklessly!
You are too injured to fight recklessly!
You are too injured to fight recklessly!
You are too injured to fight recklessly!
You are too injured to fight recklessly!
You are too injured to fight recklessly!
You are too injured to fight recklessly!
You are too injured to fight recklessly!
You are too injured to fight recklessly!
You are too injured to fight recklessly!
You are too injured to fight recklessly!
You are too injured to fight recklessly!
You are too injured to fight recklessly!
You are too injured to fight recklessly!
You are too injured to fight recklessly!
You barely miss the ogre.
The ogre is heavily wounded.
The ogre misses you.
You closely miss the ogre.
The ogre is heavily wounded.
You barely miss the ogre.
The ogre is heavily wounded.
The ogre hits you with a +0 giant club!!
* * * LOW HITPOINT WARNING * * *
You hit the ogre.
The ogre is severely wounded.
You block the ogre's attack.
You hit the ogre.
The ogre is severely wounded.
The ogre hits you with a +0 giant club!!
You die...

#.##.#.# #.##.#.#
#......# #.#..#.#
..#.#.... #.#.##.#
#.##<###.. #......#
#.# ## . ###.####
#.# ## ## #.#
#####.##...## #.#
#⌠..#.......#####.#
#.>.#..........O@.#
#.[∩#..8....#######
#####......#
?....∩.....#
#.....#####
##.8..#∩..#
##...#.<.#
##..#..⌠# ##.#####


You could see an ogre.

Vanquished Creatures
  Grinder (D:5)
  Sigmund (D:4)
  A sky beast (D:6)
  A black bear (D:6)
  An ice beast (D:7)
  An ogre (D:5)
  A centaur (D:5)
  A phantom (D:5)
  2 elf zombies (Ossuary)
  2 kobold brigands (D:5)
  Blork the orc (D:5)
  A bullfrog (D:7)
  2 scorpions
  A centaur zombie (Ossuary)
  A jelly (D:5)
  4 hounds
  4 human zombies (Ossuary)
  A sleepcap (D:6)
  A spectral scorpion (Ossuary)
  Ijyb (D:3)
  Natasha (thrice) (D:2)
  A spectral hound (Ossuary)
  2 crocodile zombies (Ossuary)
  A scorpion simulacrum (Ossuary)
  3 mummies
  3 gnolls (D:5)
  7 adders
  3 hound simulacra (Ossuary)
  2 ufetubi (D:6)
  6 spectral adders (Ossuary)
  2 spectral gnolls (Ossuary)
  The ghost of tymior the Sneak, a weakling DgDe (D:5)
  2 dart slugs
  3 ribbon worms
  An adder simulacrum (Ossuary)
  11 orcs
  3 bats
  8 endoplasms
  A giant cockroach (D:1)
  2 gnoll zombies (Ossuary)
  6 goblins
  4 hobgoblins
  2 jackals (D:1)
  30 kobolds
  A quokka (D:2)
  4 ball pythons
  4 frilled lizards
  3 gnoll simulacra (Ossuary)
  A jackal simulacrum (Ossuary)
  7 kobold zombies
  6 orc zombies
  2 rats (D:1)
  A spectral jackal (Ossuary)
165 creatures vanquished.

Vanquished Creatures (others)
  A kobold (D:5)
1 creature vanquished.

Grand Total: 166 creatures vanquished

Notes
Turn   | Place    | Note
-------+----------+-------------------------------------------
     0 | D:1      | Gadfly the Gargoyle Fighter began the quest for the Orb.
     0 | D:1      | Reached XP level 1. HP: 14/14 MP: 1/1
   122 | D:1      | Reached XP level 2. HP: 19/19 MP: 2/2
   879 | D:2      | Reached skill level 1 in Invocations
   919 | D:2      | Reached skill level 1 in Evocations
   919 | D:2      | Reached XP level 3. HP: 16/23 MP: 3/3
  1111 | D:2      | Noticed Natasha
  1117 | D:2      | Killed Natasha
  1268 | D:2      | Reached XP level 4. HP: 28/28 MP: 5/5
  1291 | D:2      | Noticed Natasha
  1298 | D:2      | Killed Natasha
  1375 | D:2      | Noticed Natasha
  1380 | D:2      | Killed Natasha
  1561 | D:2      | Gained mutation: Your large and strong wings let you fly.
                  | [potion of mutation]
  1561 | D:2      | Gained mutation: Your health recovers twice as slowly from
                  | being drained. [potion of mutation]
  1593 | D:3      | Reached XP level 5. HP: 33/33 MP: 6/6
  1640 | D:3      | Noticed Ijyb
  1643 | D:3      | Paralysed by Ijyb for 2 turns
  1655 | D:3      | Paralysed by Ijyb for 5 turns
  1662 | D:3      | Killed Ijyb
  2611 | D:4      | Reached XP level 6. HP: 27/38 MP: 7/7
  2803 | D:4      | Noticed Sigmund
  2815 | D:4      | Killed Sigmund
  2822 | D:4      | Found a sand-covered staircase.
  2832 | Ossuary  | Entered an ossuary
  2958 | Ossuary  | Reached XP level 7. HP: 38/43 MP: 9/9
  3501 | Ossuary  | Reached XP level 8. HP: 46/48 MP: 11/11
  3982 | D:4      | You are sucked into a shaft and drop 3 floors!
  4016 | D:6      | Found Voxar's Antique Weapon Shop.
  4016 | D:6      | Found Viemurosm's Magic Scroll Shop.
  4016 | D:6      | Found Kuazenae's Magic Scroll Shop.
  4151 | D:7      | Identified a scroll of acquirement
  4172 | D:7      | Acquired a manual of Maces & Flails
  4210 | D:5      | Entered Level 5 of the Dungeon
  4256 | D:5      | Reached skill level 5 in Fighting
  4256 | D:5      | Reached skill level 5 in Maces & Flails
  4266 | D:5      | Reached skill level 5 in Invocations
  4482 | D:5      | Found a transporter.
  4485 | D:5      | Found Wutsun's Jewellery Shop.
  4515 | D:5      | Noticed Grinder
  4524 | D:5      | Paralysed by Grinder for 3 turns
  4538 | D:5      | Paralysed by Grinder for 5 turns
  4670 | D:5      | Found a runed translucent gate.
  4671 | D:5      | Found a runed translucent gate.
  4672 | D:5      | Found a runed translucent gate.
  4692 | D:5      | Noticed tymior's ghost (weakling DgDe)
  4704 | D:5      | Noticed Blork the orc
  4726 | D:5      | Killed Blork the orc
  4727 | D:5      | Reached skill level 5 in Armour
  4727 | D:5      | Reached skill level 5 in Shields
  5236 | D:4      | Lost mutation: Your health recovers twice as slowly from
                  | being drained. [potion of mutation]
  5236 | D:4      | Lost mutation: Your large and strong wings let you fly.
                  | [potion of mutation]
  5236 | D:4      | Gained mutation: Your spells are a little harder to cast,
                  | but a little more powerful. [potion of mutation]
  5236 | D:4      | Gained mutation: You are dopey. (Int -2) [potion of
                  | mutation]
  5237 | D:4      | Lost mutation: Your spells are a little harder to cast, but
                  | a little more powerful. [potion of mutation]
  5237 | D:4      | Lost mutation: You are dopey. (Int -2) [potion of mutation]
  5237 | D:4      | Gained mutation: You have an increased reservoir of magic.
                  | (+10% MP) [potion of mutation]
  5237 | D:4      | Gained mutation: You sometimes lose your temper in combat.
                  | [potion of mutation]
  5237 | D:4      | Gained mutation: You are strong-willed. (Will+) [potion of
                  | mutation]
  5237 | D:4      | Gained mutation: You are highly strong-willed. (Will++)
                  | [potion of mutation]
  5473 | D:5      | Reached XP level 9. HP: 50/54 MP: 14/14
  5504 | D:5      | Killed Grinder
  5689 | D:5      | Found a transporter.
  5789 | D:5      | Killed tymior's ghost
  6050 | D:6      | Reached skill level 5 in Evocations
  6175 | D:6      | Found a snail-covered altar of Cheibriados.
  6175 | D:6      | Found a sparkling altar of Nemelex Xobeh.
  6566 | D:6      | Demolished by an ogre

Illustrated notes

Levels and vault maps discovered:
D:1:      saegor_arrival_simple_b, layout_basic
D:2:      layout_basic, corexii_leaking_fountain, small_statue_intersection,
          kennysheep_another_room, uniq_natasha
D:3:      layout_basic, uniq_ijyb
D:4:      layout_loops_ring, nicolae_ossuary_entry_giza, uniq_sigmund
D:5:      kennysheep_kobold_camp, layout_rooms, serial_shops,
          nicolae_shop_drivethru, gammafunk_ghost_nasty_kobolds, uniq_grinder,
          uniq_blork_the_orc
D:6:      layout_loops_cross, amethyst_overflow_temple_binary,
          minmay_temple_entry_overgrown, nicolae_shop_distant_corner_stores
D:7:      layout_loops_ring, old_standard_altar

Skill      XL: |  1  2  3  4  5  6  7  8  9 |
---------------+----------------------------+-----
Invocations    | 1 2 3 4 5 6 |  6.1
Evocations     | 1 2 3 4 5 |  5.1
Maces & Flails | 3 4 6 |  6.9
Fighting       | 4 5 |  5.6
Armour         | 4 5 |  5.4
Shields        | 4 5 |  5.4

Action                     |  1- 3 |  4- 6 |  7- 9 || total
---------------------------+-------+-------+-------++-------
  Melee: Flail             |    90 |   201 |   527 ||   818
    Use: Scroll            |     4 |     2 |    12 ||    18
         Potion            |       |     3 |     5 ||     8
 Armour: Scale mail        |    67 |    28 |       ||    95
         Chain mail        |       |   169 |   434 ||   603
         Skin              |       |       |    12 ||    12
  Dodge: Dodged            |    39 |    87 |   161 ||   287
  Block: Buckler           |    19 |    42 |    68 ||   129
         Kite shield       |       |       |   124 ||   124
